cohdb
Replays
Latest Replays
All Replays
Popular Replays
Top Player Replays
Match Explorer
How It Works
Community
CoH3 Stats
Reddit
Sign in to upload your games and track your stats! →
Sign in with Steam
Match 41822404
Unlisted
Match 41822404
Overview
Messages
Build Orders
End
Construct Section Command Post
Selects Heavy Armor Battlegroup
Dingo Light Scout Car
Dingo Light Scout Car
Dingo Light Scout Car
Royal Engineer Section
Construct Platoon Command Post
Selects Rigorous Vehicle Training
Unlock M3 Stuart Light Tanks
M3 Stuart Light Tank
M3 Stuart Light Tank
M3 Stuart Light Tank
Light Vehicle Training
Selects Light Vehicle Withdraw and Refit
Selects Radio Net
M3 Stuart Light Tank
Forward Retreat Point
Royal Engineer Section
Royal Engineer Section
Selects Recon Artillery
Selects Recon Artillery
Construct Company Command Post
Recon Artillery
Crusader II Medium Tank
Selects Forward Repair Assembly
Foot Guards Section
Foot Guards Section
Foot Guards Section
Crusader II Medium Tank
Crusader II Medium Tank
Recon Artillery
Crusader II Medium Tank
Recon Artillery
Crusader II Medium Tank
Infantry Training
Armored Vehicle Training
Recon Artillery
张学良
fris85
CPU - VERY EASY
ZombiesSquad
Brico29
cc<
只要平凡
rashdalmmry69
0
0
Comments
sign in to comment!
No comments posted yet!